 Dungeon Crawl Stone Soup version 0.18-a0-1196-g09327cf (webtiles) character file.

608 Arkorax the Insei (level 7, -7/67 HPs)
             Began as a Naga Wanderer on Jan 30, 2016.
             Was an Initiate of Okawaru.
             Mangled by a centaur (9 damage)
             ... on level 5 of the Dungeon.
             The game lasted 00:07:08 (5690 turns).

Arkorax the Insei (Naga Wanderer)                   Turns: 5690, Time: 00:07:08

Health: -7/67      AC:  6    Str: 14    XL:     7   Next: 43%
Magic:  7/7        EV: 10    Int: 11    God:    Okawaru [......]
Gold:   214        SH:  0    Dex: 19    Spells: 0 memorised, 6 levels left

rFire  . . .     SeeInvis +       - Unarmed
rCold  . . .     Gourm    .     h - +2 animal skin
rNeg   . . .     Faith    .     (no shield)
rPois  +         Spirit   .     v - +0 helmet
rElec  .         Dismiss  .     (no cloak)
rCorr  .         Reflect  .     (no gloves)
SustAt .         Harm     .     (no barding)
MR     .....     Clarity  +     (no amulet)
Stlth  +++.......               o - ring of stealth
                                j - +5 ring of dexterity

@: very slow, not resistant to hostile enchantments, fairly stealthy
A: see invisible, clarity, deformed body, poison resistance, slowness 2, slow
metabolism 1, spit poison 2, AC +2
a: Spit Poison, Renounce Religion


You were on level 5 of the Dungeon.
You worshipped Okawaru.
Okawaru was noncommittal.
You were not hungry.

You visited 2 branches of the dungeon, and saw 6 of its levels.

You collected 214 gold pieces.

Inventory:

Hand Weapons
 a - a +2 hand crossbow
Missiles
 b - 24 bolts
Armour
 c - a +1 ring mail
 h - a +2 animal skin (worn)
 v - a +0 helmet (worn)
 w - the +1 ring mail "Hazile" {rC- MP+9 Str+3 Dex+2}
   (You found it on level 4 of the Dungeon)

   It affects your strength (+3).
   It affects your dexterity (+2).
   It makes you vulnerable to cold.
   It affects your magic capacity (+9).
Jewellery
 j - a +5 ring of dexterity (left hand)
 k - an uncursed ring of flight
 o - a ring of stealth (right hand)
Scrolls
 d - 2 scrolls of teleportation
 i - a scroll of fear {unknown}
 r - 2 scrolls of enchant weapon {unknown}
 x - 2 scrolls of identify
Potions
 g - 2 potions of curing {unknown}
 l - a potion of haste
 n - a potion of mutation {unknown}
 p - a potion of cancellation {unknown}
 s - a potion of poison {unknown}
 z - 2 potions of invisibility {unknown}
Comestibles
 f - 2 bread rations
 q - a slice of pizza
 t - a royal jelly
 u - a beef jerky


   Skills:
 + Level 5.5 Fighting
 - Level 1.0 Crossbows
 - Level 1.0 Throwing
 - Level 1.0 Armour
 - Level 1.0 Dodging
 - Level 1.5 Stealth
 * Level 6.4 Unarmed Combat


You had 6 spell levels left.
You didn't know any spells.

Dungeon Overview and Level Annotations

Branches:
Dungeon (5/15)             Temple (1/1) D:4

Altars:
Ashenzari
Dithmenos
Elyvilon
Makhleb
Nemelex Xobeh
Okawaru
Pakellas
Qazlal
Ru
Sif Muna
Trog
Xom
Yredelemnul
Zin
The Shining One


Innate Abilities, Weirdness & Mutations

You cannot wear boots.
Your serpentine skin is tough (AC +2).
You have supernaturally acute eyesight.
Armour fits poorly on your strangely shaped body.
Your system is resistant to poisons.
You cover ground very slowly.
You have a slow metabolism.
You can spit poison.
You possess an exceptional clarity of mind.


Message History

You are too injured to fight recklessly!
You are too injured to fight recklessly!
You are too injured to fight recklessly!
You barely miss the centaur.
The centaur is moderately wounded.
The centaur closely misses you.
You barely miss the centaur.
The centaur is moderately wounded.
The centaur hits you.
* * * LOW HITPOINT WARNING * * *
You barely miss the centaur.
The centaur is moderately wounded.
The centaur hits you!
* * * LOW HITPOINT WARNING * * *
The centaur hits you.
* * * LOW HITPOINT WARNING * * *
You hit the centaur but do no damage.
The centaur is moderately wounded.
The centaur hits you!
You die...

#.#####..#######
##.##...##
#<......#
##.#####.# #.##
#.# ### ##.##
#####...#
#.....(.###...
######@.....#
##c..### ...#
...# ...# ...#
#+##


You could see a centaur.

Vanquished Creatures
  2 ogres
  A giant frog (D:4)
  A scorpion (D:4)
  A hound (D:2)
  An orc wizard (D:3)
  Robin (D:3)
  4 gnolls (D:3)
  6 adders
  A river rat (D:3)
  2 oozes
  4 worms
  6 giant geckos
  5 orcs
  8 giant cockroaches
  20 goblins
  11 hobgoblins
  4 jackals (D:3)
  3 kobolds
  A quokka (D:2)
  A ball python (D:2)
  11 bats
  A giant newt (D:2)
  42 rats
137 creatures vanquished.

Vanquished Creatures (others)
  An ice dragon (D:2)
  An adder (D:2)
2 creatures vanquished.

Grand Total: 139 creatures vanquished

Notes
Turn   | Place    | Note
--------------------------------------------------------------
     0 | D:1      | Arkorax the Naga Wanderer began the quest for the Orb.
     0 | D:1      | Arkorax set off with: a +2 hand crossbow, 24 bolts, a +0 ring mail, a scroll of teleportation, a bread ration
     0 | D:1      | Reached XP level 1. HP: 21/21 MP: 1/1
    39 | D:1      | Reached XP level 2. HP: 21/28 MP: 2/2
   443 | D:1      | Reached XP level 3. HP: 29/34 MP: 3/3
  1521 | D:2      | Reached XP level 4. HP: 39/44 MP: 4/4
  1601 | D:2      | Reached skill level 4 in Fighting
  2084 | D:2      | Found a shimmering altar of Xom.
  2116 | D:2      | Gained mutation: You possess an exceptional clarity of mind. [potion of beneficial mutation]
  2245 | D:2      | Found an oddly glowing altar of Pakellas.
  2245 | D:2      | Noticed an ice dragon
  2258 | D:2      | Found a burning altar of Makhleb.
  2258 | D:2      | Killed an ice dragon
  2274 | D:2      | Reached XP level 5. HP: 43/50 MP: 5/5
  2706 | D:3      | Noticed Robin
  2711 | D:3      | Killed Robin
  3072 | D:3      | Reached XP level 6. HP: 58/58 MP: 6/6
  3405 | D:3      | Reached skill level 5 in Unarmed Combat
  3487 | D:3      | Found a faded altar to an unknown god.
  3923 | D:3      | Reached skill level 5 in Fighting
  4063 | D:4      | Found a sparkling altar of Nemelex Xobeh.
  4400 | D:4      | Got a crude ring mail
  4411 | D:4      | Identified the cursed +1 ring mail "Hazile" {rC- MP+9 Str+3 Dex+2} (You found it on level 4 of the Dungeon)
  4521 | D:4      | HP: 2/61 [ogre/giant spiked club (7)]
  4523 | D:4      | Reached XP level 7. HP: 4/67 MP: 7/7
  5010 | D:4      | Found a staircase to the Ecumenical Temple.
  5018 | Temple   | Entered the Ecumenical Temple
  5319 | Temple   | Became a worshipper of Warmaster Okawaru
  5368 | D:4      | Found a deep blue altar of Sif Muna.
  5425 | D:4      | Reached skill level 6 in Unarmed Combat
  5463 | D:5      | Entered Level 5 of the Dungeon
  5689 | D:5      | HP: 2/67 [centaur (6)]
  5690 | D:5      | Mangled by a centaur

Vault maps used:
D:1:      zaba_arrival_water
D:2:      makhleb_heckhound_becter, old_standard_altar, serial_curves,
          eino_curves_02, eino_curves_03, eino_curves_03,
          gammafunk_pakellas_cloud_experiment
D:3:      ecumenical_altar_2, gup_sewer_entry_spiral, minmay_rats_cheesy_pizza,
          uniq_robin
D:4:      old_standard_altar, nicolae_overflow_crystal_walls,
          minmay_temple_entry_hall, first_bread
D:5:      kiku_gazebo_pond_becter, kennysheep_small_square
Temple:   triangle_lava_temple_11

Action                   |  1- 3 |  4- 6 |  7- 9 || total
-------------------------+-------+-------+-------++-------
Melee: Unarmed           |   112 |   368 |    30 ||   510
 Abil: Spit Poison       |     1 |     5 |     2 ||     8
  Use: Scroll            |       |     7 |       ||     7
       Potion            |       |     2 |       ||     2
 Stab: Sleeping          |     1 |     8 |     1 ||    10
  Eat: Bread ration      |     1 |     1 |       ||     2
       Chunk             |       |     1 |       ||     1
       Meat ration       |       |       |     1 ||     1
